 Dungeon Crawl Stone Soup version 0.31-a0-841-g038b102fc3 (webtiles) character file.

Game seed: 8181134880690407621

104 Aneyh the Poker (level 4, 0/26 (28) HPs)
             Began as a Tengu Monk on Sept 28, 2023.
             Slain by a centaur (1 damage)
             ... on level 3 of the Dungeon.
             The game lasted 00:04:13 (2805 turns).

Aneyh the Poker (Tengu Monk)                        Turns: 2805, Time: 00:04:15

HP:   0/26 (28)     AC:  2    Str: 13    XL:     4   Next: 80%
MP:   5/5           EV: 13    Int: 10    God:
Gold: 172           SH:  0    Dex: 17    Spells: 3/3 levels left

rFire   . . .        l - +0 trident
rCold   . . .        (no shield)
rNeg    . . .        b - +0 robe
rPois   .            (helmet restricted)
rElec   .            (no cloak)
rCorr   .            (no gloves)
SInv    .            (boots unavailable)
Will    .....        (no amulet)
Stlth   ++           (no ring)
HPRegen 0.24/turn    (no ring)
MPRegen 0.09/turn

%: acrobat
@: drained
A: beak, talons 3, acrobatic
a: no special abilities


You were on level 3 of the Dungeon.
You visited 1 branch of the dungeon, and saw 3 of its levels.

You collected 172 gold pieces.

Inventory:

Hand Weapons
 a - a +0 spear
 l - a +0 trident (weapon)
Missiles
 e - 12 poisoned darts
Armour
 b - a +0 robe (worn)
 d - an orb of light
 j - a scarf of invisibility
 q - +0 gold dragon scales
Jewellery
 g - a +6 ring of dexterity
Scrolls
 f - 2 scrolls of teleportation {unknown}
 k - a scroll of amnesia {unknown}
 n - a scroll of vulnerability
 o - a scroll of torment {unknown}
Potions
 c - a potion of ambrosia
 h - 3 potions of heal wounds
 i - a potion of magic {unknown}
 m - a potion of enlightenment {unknown}
 p - a potion of curing {unknown}


   Skills:
 - Level 3.0 Fighting
 + Level 5.4 Polearms
 - Level 3.2 Dodging
 * Level 2.5 Air Magic


You had 3 spell levels left.
You didn't know any spells.
Your spell library contained the following spells:

 Spells                   Type           Power      Damage    Failure   Level
 Static Discharge         Conj/Air       4%         2-3/arc   34%         2
 Airstrike                Air            2%         2d(1-17)  80%         4
 Summon Lightning Spire   Summ/Air       2%         N/A       92%         4


Dungeon Overview and Level Annotations

Branches:
Dungeon (3/15)

Altars:


Innate Abilities, Weirdness & Mutations

You have a beak for a mouth.
You have claws for feet.
You can magically evade attacks while moving or waiting.


Message History

Found a stone staircase leading down.
You open the door. You open the door.
There is an open door here.
There is a stone staircase leading down here.
A centaur comes into view.
The centaur shouts!
The centaur wields a +0 shortbow.
The centaur shoots an arrow.
The arrow barely misses you.
The centaur shoots an arrow.
The arrow closely misses you.
The centaur shoots an arrow.
The arrow barely misses you.
The centaur shoots an arrow.
The arrow completely misses you.
The centaur shoots an arrow.
The arrow hits you!
Ouch! That really hurt!
You are too injured to fight recklessly!
The centaur shoots an arrow.
The arrow closely misses you.
The centaur unwields a +0 shortbow.
The centaur misses you. The centaur completely misses you. x3
You hit the centaur but do no damage. You peck the centaur.
The centaur is lightly wounded.
The centaur hits you. The centaur kicks you.
You hit the centaur.
The centaur is moderately wounded.
The centaur hits you. The centaur closely misses you.
The centaur barely misses you. The centaur misses you.
You barely miss the centaur. You claw the centaur, but do no damage.
You peck the centaur, but do no damage.
The centaur is moderately wounded.
The centaur hits you.
* * * LOW HITPOINT WARNING * * *
The centaur kicks you.
* * * LOW HITPOINT WARNING * * *
You hit the centaur but do no damage. You peck the centaur.
The centaur is heavily wounded.
The centaur barely misses you. The centaur kicks you.
* * * LOW HITPOINT WARNING * * *
The centaur hits you.
* * * LOW HITPOINT WARNING * * *
The centaur kicks you.
You die...

.......#
#.#.#.......#.#....#
.......#
#.#.#########.#....#
###....# #...#..
..#....# ..≈....#
#####.# ###....#
_.≈....# #.# ..≈....#
#.# ###....# #.#
.......#######.#########
................@c......
########################


You could see a centaur.

Vanquished Creatures
  Robin (D:2)
  2 adders (D:2)
  A worm (D:2)
  2 dart slugs (D:2)
  An orc (D:3)
  3 bats (D:2)
  4 endoplasms (D:2)
  2 giant cockroaches
  5 hobgoblins
  10 kobolds
  4 quokkas
  3 ball pythons (D:2)
  2 frilled lizards (D:2)
  18 goblins
  3 rats
61 creatures vanquished.

Notes
Turn   | Place    | Note
-------+----------+-------------------------------------------
     0 | D:1      | Aneyh the Tengu Monk began the quest for the Orb.
     0 | D:1      | Reached XP level 1. HP: 14/14 MP: 2/2
   439 | D:1      | Reached XP level 2. HP: 19/19 MP: 3/3
   635 | D:1      | Reached skill level 4 in Polearms
   905 | D:2      | Noticed Robin
   929 | D:1      | Reached skill level 1 in Air Magic
   929 | D:1      | Reached XP level 3. HP: 6/23 MP: 4/4
  1546 | D:2      | Killed Robin
  1945 | D:2      | Reached skill level 5 in Polearms
  1945 | D:2      | Reached XP level 4. HP: 25/28 MP: 5/5
  2683 | D:3      | Found a faded altar of an unknown god.
  2796 | D:3      | Noticed a centaur
  2805 | D:3      | HP: 1/26 [centaur (3)]
  2805 | D:3      | Slain by a centaur

Illustrated notes

Levels and vault maps discovered:
D:1:      nzn_arrival_water_spiral, layout_basic, minivault_14
D:2:      minmay_razor_zed, layout_basic, uniq_robin
D:3:      minmay_evil_eye, layout_basic, nicolae_ecumenical_oubliette

Skill      XL: |  1  2  3 |
---------------+----------+-----
Polearms       | 4 5 |  5.4
Air Magic      | 1 2 |  2.5
Fighting       | |  3.0
Dodging        | |  3.2

Action                     |  1- 3 |  4- 6 || total
---------------------------+-------+-------++-------
  Melee: Spear             |    78 |       ||    78
         Peck              |     7 |     7 ||    14
         Kick              |    17 |     8 ||    25
         Trident           |    25 |    44 ||    69
         Punch             |     1 |       ||     1
    Use: Scroll            |     3 |       ||     3
   Stab: Sleeping          |     2 |     2 ||     4
 Armour: Robe              |    40 |    22 ||    62
  Dodge: Dodged            |    71 |    20 ||    91

Table legend: (Time is in decaauts)
 A = Elapsed time spent in this place.
 B = Non-inter-level travel time spent in this place.
 C = Inter-level travel time spent in this place.
 D = Time resting spent in this place.
 E = Time spent auto-exploring this place.
 F = Levels seen in this place.
 G = Mean time per level.
                   A        B        C        D        E       F      G
               +--------+--------+--------+--------+--------+-----+--------+
         Total |   2807 |   2689 |    118 |    371 |   1891 |   3 |  935.7 |
       Dungeon |   2807 |   2689 |    118 |    371 |   1891 |   3 |  935.7 |
               +--------+--------+--------+--------+--------+-----+--------+

Top non-repeatable levels by time:
     D:2: 1478 daAuts
     D:1: 1078 daAuts
     D:3: 250 daAuts
